 Dungeon Crawl Stone Soup version 0.18.1-50-g88ac8fd (webtiles) character file.

23988 RegistheAstonishing the Cleaver (level 12, -9/112 HPs)
             Began as a Deep Dwarf Fighter on Jan 16, 2017.
             Was a High Priest of Makhleb.
             Mangled by Rupert
             ... wielding a +1 great mace of protection
              (12 damage)
             ... on level 13 of the Dungeon on Jan 17, 2017.
             The game lasted 00:27:16 (9733 turns).

RegistheAstonishing the Cleaver (DDFi)              Turns: 9733, Time: 00:27:17

Health: -9/112     AC: 21    Str: 26    XL:     12   Next: 76%
Magic:  6/6        EV: 12    Int: 10    God:    Makhleb [*****.]
Gold:   846        SH:  9    Dex: 16    Spells: 0 memorised, 11 levels left

rFire  . . .     SeeInvis .     A - +5 broad axe (chop)
rCold  + . .     Gourm    .     K - +0 plate armour
rNeg   . . .     Faith    .     o - +2 buckler
rPois  .         Spirit   .     s - +2 helmet {Int+3}
rElec  .         Dismiss  .     h - +0 cloak
rCorr  +         Reflect  .     B - +0 pair of gloves
SustAt +         Harm     .     (no boots)
MR     +....                    (no amulet)
Stlth  ..........               r - ring of sustain attributes
                                j - ring of resist corrosion

@: mighty, non-regenerating, somewhat resistant to hostile enchantments,
extremely unstealthy
A: damage resistance, recharge devices, talons 1, cold resistance 1, dopey 1,
sense surroundings 2, slow regeneration 3
a: Device Recharging, Minor Destruction, Lesser Servant of Makhleb, Major
Destruction, Greater Servant of Makhleb, Renounce Religion


You were on level 13 of the Dungeon.
You worshipped Makhleb.
Makhleb was extremely pleased with you.
You were very hungry.

You visited 2 branches of the dungeon, and saw 14 of its levels.

You collected 846 gold pieces.

Inventory:

Hand Weapons
 a - a +3 scimitar of flaming
 l - a +0 battleaxe of freezing
 A - a +5 broad axe of chopping (weapon)
 C - a +3 flail
 H - a +3 battleaxe
Missiles
 p - 4 silver javelins (quivered)
Armour
 h - a +0 cloak (worn)
 o - a +2 buckler (worn)
 s - a +2 helmet of intelligence (worn)
 B - a +0 pair of gloves (worn)
 K - a +0 plate armour (worn)
Jewellery
 j - a ring of resist corrosion (left hand)
 r - a ring of sustain attributes (right hand)
 z - an uncursed ring of positive energy
 G - an uncursed ring of teleportation
Wands
 b - a wand of lightning (11/15)
 e - a wand of heal wounds (0/9)
 g - a wand of iceblast (8/15)
 q - a wand of confusion (23/48)
 y - a wand of slowing (27/48)
 E - a wand of polymorph (12/24)
Scrolls
 k - 5 scrolls of remove curse
 m - a scroll of teleportation
 w - 7 scrolls of magic mapping
 F - a scroll of identify
 I - 3 scrolls of fog
 J - a scroll of recharging
 N - a scroll of fear {unknown}
Potions
 c - a potion of berserk rage {unknown}
 d - 2 potions of might
 i - a potion of flight
 u - a potion of curing
 v - a potion of heal wounds
 L - a potion of brilliance
Comestibles
 f - 9 bread rations
 n - 5 meat rations
 t - 6 fruits
 x - 2 beef jerkies
 D - 5 royal jellies
 M - a slice of pizza


   Skills:
 + Level 8.8 Fighting
 * Level 13.9 Axes
 + Level 10.9 Armour
 + Level 7.9 Dodging
 + Level 1.0 Stealth
 + Level 9.4 Shields
 + Level 4.8 Evocations


You had 11 spell levels left.
You didn't know any spells.

Dungeon Overview and Level Annotations

Branches:
Dungeon (13/15)            Temple (1/1) D:5            Lair (0/8) D:9
    Orc (0/2) D:11
 Vaults: D:13-14

Altars:
Ashenzari
Cheibriados
Dithmenos
Gozag
Makhleb
Nemelex Xobeh
Okawaru
Pakellas
Qazlal
Ru
Trog
Xom
Yredelemnul
Zin
The Shining One

Shops:
D:9 :   D:12 *

Annotations:
D:13 Rupert


Innate Abilities, Weirdness & Mutations

You are resistant to damage.
You can recharge devices by infusing magical energy.
You passively map the area around you.
You do not regenerate naturally.
You have sharp toenails.
Your flesh is cold resistant.
You are dopey. (Int -2)


Message History

Unknown command.
You are too injured to fight recklessly!
Unknown command.
You slash Rupert! You claw Rupert, but do no damage.
Rupert is moderately wounded.
You slash Donald!
You kill Donald!
Makhleb accepts your kill.
You feel better. Rupert misses you.
Unknown command.
You slice Rupert!!
Rupert is moderately wounded.
Rupert hits you with a great mace of protection!!
* * * LOW HITPOINT WARNING * * *
You block the skeletal warrior's attack.
Unknown command.
You closely miss Rupert. You claw Rupert.
Rupert is moderately wounded.
Rupert hits you with a great mace of protection!
You die...

.#.....#....#
.#.....#....#
.#######.##############
...(.###.####....#..#.#
.....#................#
.....#.....†.†........#
.....#................#
.....#........†.†.....#
.....#.........)@.....#
.....#..########@##...#
..####..* ,


pzp# ### ..# ..(. , , pppp# ..#,..,,, ..ZWp# ..# , , ....l.# ..# ** .......#***
* * ... , , ........., , , .... ,,, , ,,, , , , You could see Rupert (berserk),
a skeletal warrior, a komodo dragon, a hungry ghost, 7 humans and a centaur
skeleton.

Vanquished Creatures
  Donald (D:13)
  The ghost of RegistheAstonishing the Cleaver, a journeyman DDFi of Makhleb (D:13)
  The ghost of RegistheAstonishing the Cleaver, a journeyman DDFi of Makhleb (D:12)
  Erica (D:11)
  A hydra (D:12)
  Urug (D:11)
  5 skeletal warriors (D:12)
  An unseen horror (D:10)
  An obsidian statue (D:10)
  5 hill giants
  The ghost of Gorgoleon the Basher, a novice DsCK of Xom (D:7)
  3 cyclopes
  Joseph (D:8)
  3 centaur zombies
  A komodo dragon (D:9)
  A kobold demonologist (D:13)
  The ghost of RegistheAstonishing the Shield-Bearer, an amateur DDFi (D:4)
  A troll (D:9)
  2 two-headed ogres
  7 humans (D:13)
  3 yaks (D:13)
  2 wraiths
  3 hippogriffs
  Menkaure (D:6)
  2 hungry ghosts
  A soldier ant (D:8)
  Duvessa (D:6)
  A water moccasin (D:11)
  8 orc warriors
  4 sky beasts
  A black bear (D:9)
  2 wasps
  3 ice beasts
  An eye of draining (D:12)
  7 ogres
  4 centaurs
  A phantom (D:6)
  A crocodile (D:12)
  A big kobold (D:8)
  Dowan (D:6)
  7 giant frogs
  A wyvern skeleton (D:6)
  3 scorpions
  6 killer bees
  A troll skeleton (D:10)
  5 wights (D:7)
  2 howler monkeys
  4 spriggan skeletons (D:10)
  4 crimson imps
  3 orc priests
  5 hounds
  5 centaur skeletons
  3 giant frog skeletons
  4 orc wizards
  3 iguanas
  7 worker ants
  3 sheep (D:11)
  A hound zombie (D:5)
  2 hound skeletons (D:4)
  A howler monkey zombie (D:8)
  A worker ant zombie (D:10)
  15 adders
  2 oozes
  2 adder zombies
  An adder skeleton (D:7)
  6 worms
  4 dart slugs
  9 giant geckos
  25 orcs
  3 ball pythons
  4 giant cockroaches
  11 hobgoblins
  15 jackals
  4 quokkas
  5 bats
  A giant newt (D:3)
  9 goblins
  A jackal skeleton (D:4)
  16 kobolds
  2 rats
  4 plants (D:9)
297 creatures vanquished.

Vanquished Creatures (others)
  A plant (D:9)
1 creature vanquished.

Grand Total: 298 creatures vanquished

Notes
Turn   | Place    | Note
--------------------------------------------------------------
     0 | D:1      | RegistheAstonishing the Deep Dwarf Fighter began the quest for the Orb.
     0 | D:1      | Reached XP level 1. HP: 20/20 MP: 1/1
   297 | D:1      | Reached XP level 2. HP: 26/28 MP: 2/2
   848 | D:2      | Reached XP level 3. HP: 28/34 MP: 3/3
   984 | D:2      | Reached skill level 1 in Dodging
  1035 | D:2      | Reached XP level 4. HP: 21/42 MP: 4/4
  1041 | D:2      | Found a sparkling altar of Nemelex Xobeh.
  1166 | D:2      | Found a shattered altar of Ashenzari.
  1319 | D:2      | Reached skill level 3 in Axes
  1736 | D:3      | Found a snail-covered altar of Cheibriados.
  1903 | D:3      | Reached XP level 5. HP: 24/49 MP: 5/5
  1952 | D:3      | Found a glowing golden altar of the Shining One.
  2150 | D:3      | Found a bloodstained altar of Trog.
  2150 | D:3      | Found an iron altar of Okawaru.
  2599 | D:4      | Noticed RegistheAstonishing's ghost (amateur DDFi)
  2620 | D:4      | Killed RegistheAstonishing's ghost
  2620 | D:4      | Reached skill level 4 in Axes
  2620 | D:4      | Reached skill level 5 in Shields
  2620 | D:4      | Reached skill level 1 in Evocations
  2620 | D:4      | Reached XP level 6. HP: 57/57 MP: 6/6
  2899 | D:5      | Entered Level 5 of the Dungeon
  2909 | D:5      | Reached XP level 7. HP: 54/64 MP: 7/7
  3072 | D:5      | Reached skill level 5 in Axes
  3089 | D:5      | Found a staircase to the Ecumenical Temple.
  3095 | Temple   | Entered the Ecumenical Temple
  3102 | Temple   | Became a worshipper of Makhleb the Destroyer
  3434 | D:6      | Gained mutation: You have sharp toenails. [potion of mutation]
  3434 | D:6      | Gained mutation: Your flesh is cold resistant. [potion of mutation]
  3434 | D:6      | Gained mutation: You are dopey. (Int -2) [potion of mutation]
  3533 | D:6      | Reached skill level 5 in Armour
  3568 | D:6      | Noticed Menkaure
  3576 | D:6      | Killed Menkaure
  3576 | D:6      | Reached XP level 8. HP: 23/73 MP: 9/9
  3659 | D:6      | Found an opulent altar of Gozag.
  3692 | D:6      | Noticed Duvessa
  3692 | D:6      | Noticed Dowan
  3702 | D:6      | Killed Duvessa
  3715 | D:6      | Killed Dowan
  3765 | D:6      | Reached skill level 6 in Axes
  3834 | D:6      | Reached skill level 5 in Dodging
  3898 | D:6      | Found a glowing silver altar of Zin.
  3898 | D:6      | Found an oddly glowing altar of Pakellas.
  3983 | D:6      | Found a stormy altar of Qazlal.
  4070 | D:6      | Found a shadowy altar of Dithmenos.
  4136 | D:7      | Found a basalt altar of Yredelemnul.
  4183 | D:7      | Reached skill level 5 in Fighting
  4322 | D:7      | Noticed Gorgoleon's ghost (novice DsCK)
  4341 | D:7      | Killed Gorgoleon's ghost
  4341 | D:7      | Reached skill level 7 in Axes
  4341 | D:7      | Gained mutation: You passively map the area around you. [Deep Dwarf growth]
  4341 | D:7      | Reached XP level 9. HP: 72/81 MP: 10/10
  4477 | D:7      | Reached * piety under Makhleb
  4961 | D:8      | Reached skill level 8 in Axes
  5063 | D:8      | Noticed Joseph
  5071 | D:8      | HP: 1/82 [Joseph/uncursed quarterstaff of speed (12)]
  5110 | D:8      | Killed Joseph
  5212 | D:8      | Reached ** piety under Makhleb
  5445 | D:8      | Reached XP level 10. HP: 42/91 MP: 9/9
  5946 | D:9      | Found a staircase to the Lair.
  6199 | D:9      | Found a sacrificial altar of Ru.
  6364 | D:9      | Found Noewun's Book Boutique.
  6464 | D:10     | Entered Level 10 of the Dungeon
  6473 | D:10     | Reached skill level 9 in Axes
  6634 | D:10     | Noticed an obsidian statue
  6702 | D:10     | Reached skill level 1 in Stealth
  6704 | D:10     | Reached *** piety under Makhleb
  6891 | D:10     | Noticed a hill giant
  6901 | D:10     | Killed a hill giant
  7191 | D:10     | Identified a scroll of acquirement
  7219 | D:10     | Noticed an orange demon
  7236 | D:10     | Killed an obsidian statue
  7244 | D:10     | Identified Sif Muna's Guide on Virous Companions
  7351 | D:10     | Killed an unseen horror
  7548 | D:10     | Reached XP level 11. HP: 65/100 MP: 8/8
  7605 | D:11     | Noticed a hill giant
  7611 | D:11     | Killed a hill giant
  7632 | D:11     | Reached skill level 10 in Axes
  7717 | D:11     | Reached **** piety under Makhleb
  7763 | D:11     | Found a staircase to the Orcish Mines.
  7854 | D:11     | Noticed Urug
  7859 | D:11     | Noticed Erica
  7884 | D:11     | Noticed a hill giant
  7885 | D:11     | Killed Urug
  7908 | D:11     | Killed a hill giant
  7908 | D:11     | Reached skill level 11 in Axes
  7917 | D:11     | Killed Erica
  8376 | D:12     | Noticed a hill giant
  8381 | D:12     | Killed a hill giant
  8414 | D:12     | Noticed an eight-headed hydra
  8431 | D:12     | Killed a one-headed hydra
  8503 | D:12     | Reached ***** piety under Makhleb
  8537 | D:12     | Noticed a six-headed hydra
  8553 | D:12     | Found a basalt altar of Yredelemnul.
  8553 | D:12     | Found Kiurphoh's Sacrilege Store.
  8705 | D:12     | Reached skill level 12 in Axes
  8745 | D:12     | Noticed RegistheAstonishing's ghost (journeyman DDFi)
  8753 | D:12     | Noticed a hill giant
  8782 | D:12     | Killed RegistheAstonishing's ghost
  8782 | D:12     | Reached skill level 10 in Armour
  8782 | D:12     | Reached XP level 12. HP: 54/110 MP: 8/8
  8935 | D:12     | Reached skill level 13 in Axes
  9239 | D:13     | Noticed RegistheAstonishing's ghost (journeyman DDFi)
  9325 | D:13     | Killed RegistheAstonishing's ghost
  9700 | D:13     | Noticed Donald
  9705 | D:13     | Noticed Rupert
  9730 | D:13     | HP: 5/112 [Donald/double sword of pain (4)]
  9731 | D:13     | Killed Donald
  9733 | D:13     | Mangled by Rupert

Skill      XL: |  1  2  3  4  5  6  7  8  9 10 11 12 |
---------------+-------------------------------------+-----
Fighting       | 3 4 5 6 7 8 |  8.8
Shields        | 4 5 6 7 8 9 |  9.4
Dodging        | 1 3 4 5 6 7 |  7.9
Axes           | 3 4 5 7 8 9 12 13 | 13.9
Armour         | 4 5 6 7 9 10 | 10.9
Evocations     | 1 2 3 4 |  4.8
Stealth        | 1 |  1.0

Action                   |  1- 3 |  4- 6 |  7- 9 | 10-12 || total
-------------------------+-------+-------+-------+-------++-------
Melee: War axe           |   110 |   240 |   389 |   195 ||   934
       Kick              |       |       |   130 |   298 ||   428
       Broad axe         |       |       |       |   565 ||   565
       Scimitar          |       |       |       |    14 ||    14
 Abil: Device Recharging |       |       |     2 |     7 ||     9
Evoke: Wand              |       |     4 |    11 |    32 ||    47
  Use: Scroll            |       |    12 |     3 |    13 ||    28
       Potion            |       |     1 |     2 |     7 ||    10
  Eat: Chunk             |     1 |     6 |    10 |    15 ||    32
       Pizza             |       |       |       |     1 ||     1
Armor: Scale mail        |    36 |   102 |    74 |   144 ||   356
       Plate armour      |       |       |    75 |   198 ||   273
Dodge: Dodged            |    47 |   119 |   187 |   331 ||   684
Block: Shield            |    42 |       |       |       ||    42
       Buckler           |    11 |    88 |   172 |   326 ||   597
